 Dungeon Crawl Stone Soup version 0.27-a0-972-gd1521fd518 (webtiles) character file.

Game seed: 5441426950621786643

20 Froggeryz the Ogre Mage (level 2, -1/27 HPs)
             Began as an Ogre Wanderer on Apr 13, 2021.
             Was a Follower of Makhleb.
             Slain by a jackal (3 damage)
             ... on level 1 of the Dungeon.
             The game lasted 00:01:41 (954 turns).

Froggeryz the Ogre Mage (Ogre Wanderer)              Turns: 954, Time: 00:01:42

Health: -1/27      AC:  3    Str: 19    XL:     2   Next: 79%
Magic:  3/7        EV:  9    Int: 11    God:    Makhleb [*.....]
Gold:   35         SH:  0    Dex:  6    Spells: 9/10 levels left

rFire    . . .     SeeInvis .   a - +0 club
rCold    . . .     Faith    .   (no shield)
rNeg     . . .     Spirit   .   d - +0 robe
rPois    .         Reflect  .   (helmet restricted)
rElec    .         Harm     .   (no cloak)
rCorr    .         Rampage  .   (gloves unavailable)
Will     .....                  (boots unavailable)
Stlth    +.........             (no amulet)
HPRegen  0.09/turn              (no ring)
MPRegen  0.10/turn              (no ring)

@: no status effects
A: large, unfitting armour, tough skin 1
a: Renounce Religion


You were on level 1 of the Dungeon.
You worshipped Makhleb.
Makhleb was aware of your devotion.
You visited 1 branch of the dungeon, and saw 1 of its levels.

You collected 35 gold pieces.

Inventory:

Hand Weapons
 a - a +0 club (weapon)
Armour
 d - a +0 robe (worn)


   Skills:
 + Level 1.5 Fighting
 - Level 1.0 Throwing
 - Level 1.0 Shields
 - Level 4.8 Spellcasting
 - Level 1.0 Transmutations
 - Level 1.0 Fire Magic
 - Level 1.7 Air Magic
 * Level 1.6 Earth Magic


You had 9 spell levels left.
You knew the following spells:

 Your Spells              Type           Power      Damage    Failure   Level
a - Sandblast             Erth           12%        2d6       11%         1

Your spell library contained the following spells:

 Spells                   Type           Power      Damage    Failure   Level
 Passwall                 Tmut/Erth      4%         N/A       19%         2
 Pain                     Necr           8%         1d4       22%         1
 Corpse Rot               Necr/Air       N/A        N/A       22%         2
 Poisonous Vapours        Pois/Air       8%         N/A       22%         2
 Stone Arrow              Conj/Erth      8%         3d7       43%         3
 Vampiric Draining        Necr           1%         2d6       54%         3
 Petrify                  Tmut/Erth      5%         N/A       77%         4
 Lee's Rapid Deconstruct  Erth           3%         3d6*      97%         5


Dungeon Overview and Level Annotations

Branches:
Dungeon (1/15)

Altars:
Makhleb


Innate Abilities, Weirdness & Mutations

You are too large for most types of armour.
You have tough skin. (AC +1)


Message History

You miscast Sandblast.
You are very lightly contaminated with residual magic.
Nothing appears to happen.
The jackal barely misses you.
Unknown command.
Unknown command.
Casting: Sandblast (safe; 12% risk of failure)
Confirm with . or Enter, or press ? or * to list all spells.
Aiming: Sandblast (safe; 12% risk of failure)
Press: ? - help, Shift-Dir - straight line, f/p - jackal
Aim: a jackal (lightly wounded, 28% to evade)
The blast of sand hits the jackal.
You kill the jackal!
Makhleb accepts your kill.
You now have no stones remaining.
Unknown command.
Casting: Sandblast (safe; 12% risk of failure)
Confirm with . or Enter, or press ? or * to list all spells.
You don't have any stones to cast with.
Unknown command.
You hit the jackal.
The jackal is almost dead.
The jackal barely misses you. x2
You barely miss the jackal.
The jackal is severely wounded.
The jackal closely misses you.
The jackal bites you but does no damage.
You hit the jackal.
You kill the jackal!
Makhleb accepts your kill.
The jackal bites you but does no damage.
You hit the jackal.
The jackal is lightly wounded.
The jackal bites you.
* * * LOW HITPOINT WARNING * * *
The jackal closely misses you.
Your magical contamination has completely faded away.
You barely miss the jackal.
The jackal is lightly wounded.
The jackal bites you.
You die...

#.....### #.##..#.... ## #
#.....#### #.........# .#
#.#######.............##...
.#
#.#..........####.###.#.#.#
.## #........# #.# ##...##
..# #......# #.# #.#
##.######......# # #.# #..
............####.####.# ..#
##.######.....)h@.......#
.# ..##.........#####.#####
.###.####..#.# #
.###.####..#h#
....†......#.#
.####.###.##.#
.......##.##.#
.......##.....
####...#####.#


You could see a jackal.

Vanquished Creatures
  3 endoplasms (D:1)
  2 giant cockroaches (D:1)
  2 goblins (D:1)
  2 hobgoblins (D:1)
  3 jackals (D:1)
  A ball python (D:1)
  A bat (D:1)
  A kobold (D:1)
  2 rats (D:1)
17 creatures vanquished.

Notes
Turn   | Place    | Note
-------+----------+-------------------------------------------
     0 | D:1      | Froggeryz the Ogre Wanderer began the quest for the Orb.
     0 | D:1      | Froggeryz set off with the following items: a +0 club, a +0
                  | robe; and the following spells available to memorise: Pain,
                  | Sandblast, Corpse Rot, Poisonous Vapours, Passwall, Stone
                  | Arrow, Vampiric Draining, Petrify, Lee's Rapid
                  | Deconstruction
     0 | D:1      | Reached XP level 1. HP: 16/16 MP: 6/6
     2 | D:1      | Learned a level 1 spell: Sandblast
   385 | D:1      | Reached skill level 1 in Fighting
   385 | D:1      | Reached skill level 1 in Earth Magic
   385 | D:1      | Reached XP level 2. HP: 18/27 MP: 7/7
   487 | D:1      | Found a faded altar of an unknown god.
   495 | D:1      | Became a worshipper of Makhleb the Destroyer
   495 | D:1      | Reached * piety under Makhleb
   954 | D:1      | Slain by a jackal

Illustrated notes

Levels and vault maps discovered:
D:1:      minmay_arrival_checkered_box, layout_loops_ring,
          chequers_ecumenical_altar_simple_redux

Skill      XL: |  1 |
---------------+----+-----
Fighting       | 1 |  1.5
Earth Magic    | 1 |  1.6
Throwing       | |  1.0
Shields        | |  1.0
Spellcasting   | |  4.8
Transmutations | |  1.0
Fire Magic     | |  1.0
Air Magic      | |  1.7

Action                   || total
-------------------------++-------
Melee: Club              ||    72
 Cast: Sandblast         ||     4
Armor: Robe              ||    26
Dodge: Dodged            ||    46

Table legend: (Time is in decaauts)
 A = Elapsed time spent in this place.
 B = Non-inter-level travel time spent in this place.
 C = Inter-level travel time spent in this place.
 D = Time resting spent in this place.
 E = Time spent auto-exploring this place.
 F = Levels seen in this place.
 G = Mean time per level.
                   A        B        C        D        E       F      G
               +--------+--------+--------+--------+--------+-----+--------+
         Total |    975 |    975 |      0 |    296 |    516 |   1 |  975.0 |
       Dungeon |    975 |    975 |      0 |    296 |    516 |   1 |  975.0 |
               +--------+--------+--------+--------+--------+-----+--------+

Top non-repeatable levels by time:
     D:1: 975 daAuts
